 Dungeon Crawl Stone Soup version 0.31-a0-188-g5e087ee2ca (webtiles) character file.

Game seed: 17649357277560451082

53 qw the Shooter (level 3, 0/20 HPs)
             Began as a Deep Elf Hunter on June 23, 2023.
             Succumbed to their own poison gas
             ... on level 2 of the Dungeon.
             The game lasted 00:00:32 (1313 turns).

qw the Shooter (Deep Elf Hunter)                    Turns: 1313, Time: 00:00:32

Health: 0/20       AC:  3    Str:  9 (10) XL:     3   Next: 64%
Magic:  5/5        EV: 12    Int: 12 (13) God:
Gold:   76         SH:  0    Dex: 23 (24) Spells: 2/2 levels left

rFire   . . .        Y - +2 shortbow
rCold   . . .        (shield currently unavailable)
rNeg    . . .        c - +0 leather armour
rPois   .            (no helmet)
rElec   .            (no cloak)
rCorr   .            (no gloves)
SInv    .            (no boots)
Will    .....        (no amulet)
Stlth   ++           b - +6 ring of dexterity
HPRegen 0.23/turn    (no ring)
MPRegen 0.09/turn

%: no passive effects
@: lethally poisoned (0 -> -1)
A: no striking features
a: no special abilities


You were on level 2 of the Dungeon.
You visited 1 branch of the dungeon, and saw 2 of its levels.

You collected 76 gold pieces.


   Skills:
 - Level 1.5 Fighting
 - Level 7.1 Ranged Weapons
 + Level 2.4 Dodging
 - Level 1.2 Stealth


You had 2 spell levels left.
You didn't know any spells.
Your spell library was empty.

Inventory:

Hand Weapons
 Y - a +2 shortbow (weapon)
Armour
 c - a +0 leather armour (worn)
Jewellery
 b - a +6 ring of dexterity (left hand)
Scrolls
 d - a scroll of teleportation
Potions
 g - a potion of brilliance {unknown}

Dungeon Overview and Level Annotations

Branches:
Dungeon (2/15)

Altars:

Shops:
D:1 :


Message History

Sorry, I don't know how to get there.
Enter note:
Enter note:
Enter note:
Enter note:
Enter note:
Enter note:
Enter note:
Enter note:
Enter note:
Enter note:
Enter note:
Enter note:
Enter note:
Enter note:
Enter note: Really walk into that cloud of poison gas?
You are engulfed in poison gas.
You are poisoned.
You feel very sick.
1304 ||| Stepping ~*~*~tactically~*~*~ (cloud).
You feel very sick.
You see here a potion of degeneration.
There is a lethal amount of poison in your body!
You feel very sick.
There is a lethal amount of poison in your body!
You feel sick.
There is a lethal amount of poison in your body!
You feel sick.
There is a lethal amount of poison in your body!
You feel sick.
There is a lethal amount of poison in your body!
You feel sick.
There is a lethal amount of poison in your body!
You feel sick.
There is a lethal amount of poison in your body!
You feel sick.
There is a lethal amount of poison in your body!
You feel sick.
There is a lethal amount of poison in your body!
You die...

#.....#...# #....
###.0.##...###....
#...¤.##..........
##0#¤#.####........
#00..0.¤...........
#.0#0#.0¤0.....#'##
#00)..0.0......#.#
#0¤0...¤0...####.#
#.@00..0....# #.##
#0.0..0.00..# #...
#¤0..00.00..# ####
#0¤0.00.0...##
#00¤..000....#
#0.#00¤#.0.#.#
#0..0#0).#...#
#.#.###.###.##
#....#...#...#


There were no monsters in sight!

Vanquished Creatures
  An adder (D:2)
  2 worms (D:2)
  4 bats (D:2)
  2 endoplasms (D:1)
  2 giant cockroaches (D:1)
  7 goblins
  A hobgoblin (D:1)
  2 jackals (D:1)
  5 kobolds
  2 quokkas (D:2)
  3 ball pythons
  5 rats
36 creatures vanquished.

Notes
Turn   | Place    | Note
-------+----------+-------------------------------------------
     0 | D:1      | qw the Deep Elf Hunter began the quest for the Orb.
     0 | D:1      | Reached XP level 1. HP: 12/12 MP: 3/3
     0 | D:1      | 0 ||| qw: Version: 0.3-a-9-g12657ce
     0 | D:1      | 0 ||| qw: Game counter: 4315
     0 | D:1      | 0 ||| qw: Always use a shield: true
     0 | D:1      | 0 ||| qw: God list: Okawaru
     0 | D:1      | 0 ||| qw: Allow faded altars: false
     0 | D:1      | 0 ||| qw: Do Orc after D:15 true
     0 | D:1      | 0 ||| qw: Do second Lair branch before Depths: true
     0 | D:1      | 0 ||| qw: Lair rune preference: random
     0 | D:1      | 0 ||| qw: Plans: Normal
     0 | D:1      | 0 ||| PLANNING D:1-11
     2 | D:1      | Noticed an ogre
     2 | D:1      | Noticed a minotaur
     4 | D:1      | Noticed a felid
     4 | D:1      | Noticed a tengu
     6 | D:1      | Noticed a spriggan
     6 | D:1      | Noticed a demonspawn
     8 | D:1      | Noticed a troll
    10 | D:1      | Noticed a draconian
    10 | D:1      | Noticed a formicid
    12 | D:1      | Noticed a merfolk
    12 | D:1      | Noticed a demigod
    14 | D:1      | Noticed a vampire
    14 | D:1      | Noticed a vine stalker
    16 | D:1      | Noticed a meteoran
    18 | D:1      | Noticed a ghoul
    20 | D:1      | Noticed an octopode
    20 | D:1      | Noticed an elf
    22 | D:1      | Noticed a naga
    22 | D:1      | Noticed a human
    24 | D:1      | Noticed a minotaur
    24 | D:1      | Noticed an armataur
    26 | D:1      | Noticed a vine stalker
    26 | D:1      | Noticed a vampire
   153 | D:1      | Reached skill level 6 in Ranged Weapons
   153 | D:1      | Reached XP level 2. HP: 16/16 MP: 4/4
   236 | D:1      | Found Eliock's Book Boutique.
   655 | D:1      | 655 ||| READING 2 scrolls labelled AMEUNU IROME.
   656 | D:1      | 656 ||| READING scroll of enchant weapon.
   656 | D:1      | 656 ||| ENCHANTING +1 shortbow.
   657 | D:1      | 657 ||| READING scroll labelled FUF GE OBI.
   658 | D:1      | 658 ||| READING scroll labelled USTOOM QUIGI.
   662 | D:1      | 662 ||| READING scroll labelled UCOMUAJ LILEVA.
   663 | D:1      | 663 ||| READING scroll labelled PEL EMOGIXIUH.
   664 | D:1      | 664 ||| DROPPING scroll of butterflies.
   879 | D:2      | Reached XP level 3. HP: 20/20 MP: 5/5
  1108 | D:2      | Reached skill level 7 in Ranged Weapons
  1298 | D:2      | 1298 ||| UPGRADING to +6 ring of dexterity.
  1299 | D:2      | 1299 ||| READING scroll labelled KICANU UDEQUNA.
  1300 | D:2      | 1300 ||| READING scroll labelled QAHURRA EBES.
  1301 | D:2      | 1301 ||| DRINKING 2 clear potions.
  1302 | D:2      | 1302 ||| DROPPING potion of degeneration.
  1304 | D:2      | 1304 ||| Stepping ~*~*~tactically~*~*~ (cloud).
  1307 | D:2      | HP: 5/20 [poisoned by you (poison gas)]
  1311 | D:2      | HP: 2/20 [poisoned by you (poison gas)]
  1313 | D:2      | Succumbed to their own poison gas

Levels and vault maps discovered:
D:1:      kb_arrival_jail, layout_basic, serial_shops,
          nicolae_shop_pleasant_corner_grove, corexii_hall_statues_s
D:2:      layout_basic, serial_glass, glass_columns_a, glass_columns_a,
          glass_columns_c, glass_columns_a, glass_columns_c, glass_columns_a,
          item_on_display_a, minmay_strange_pillars, item_on_display_a,
          minmay_misc_feat_four_crosses

Skill      XL: |  1  2  3 |
---------------+----------+-----
Ranged Weapons | 6 7 |  7.1
Fighting       | |  1.5
Dodging        | |  2.4
Stealth        | |  1.2

Action                     || total
---------------------------++-------
   Fire: Shortbow          ||    88
    Use: Scroll            ||     8
         Potion            ||     1
 Armour: Leather armour    ||     2
  Dodge: Dodged            ||     6

Table legend:
 A = Non-vault XP
 B = Vault XP
 C = Vault XP percentage of total XP
 D = Non-vault monster count
 E = Vault monster count
 F = Vault count percentage of total count
                 A         B        C        D         E       F
            +---------+---------+-------+---------+---------+-------
      Total |      77 |       0 |   0.0 |      36 |       0 |   0.0
            +---------+---------+-------+---------+---------+-------
        D:1 |      30 |       0 |   0.0 |      18 |       0 |   0.0
        D:2 |      47 |       0 |   0.0 |      18 |       0 |   0.0
            +---------+---------+-------+---------+---------+-------
